[Event "*** Titled Tuesday Blitz"]
[Site "Chess.com"]
[Date "2020.05.05"]
[Round "3"]
[White "GMartin_Petrov"]
[Black "VojtechPlat"]
[Result "1-0"]
[WhiteElo "2615"]
[BlackElo "2783"]
[TimeControl "180+1"]
[EndTime "10:28:40 PDT"]
[Termination "GMartin_Petrov won by resignation"]

1. e4 d6 2. d4 Nf6 3. Nc3 e5 4. Nf3 Nbd7 5. Bc4 Be7 6. O-O O-O 7. a4 a5 8. Re1 c6 9. Ba2 exd4 10. Nxd4 Nc5 11. Qf3 Be6 12. Nxe6 fxe6 13. Qh3 d5 14. Be3 Nfxe4 15. Nxe4 Nxe4 16. Qxe6+ Kh8 17. Rad1 Bf6 18. c3 Qc7 19. Bb1 Rae8 20. Qh3 g6 21. f3 Ng5 22.
Bxg5 Bxg5 23. Bxg6 Rxe1+ 24. Rxe1 Qg7 25. Bd3 d4 26.
Kh1 dxc3 27. bxc3 Bd2 28. Re6 Rd8 29. Qh4 Bg5 30. Qe4 b5 31. h4 Bh6 32. Re7 Qg6 33. Rxh7+ 1-0

[Event "*** Titled Tuesday Blitz"]
[Site "Chess.com"]
[Date "2020.05.05"]
[Round "3"]
[White "BilodeauA"]
[Black "Herracek"]
[Result "1-0"]
[WhiteElo "2898"]
[BlackElo "2592"]
[TimeControl "180+1"]
[EndTime "10:28:41 PDT"]
[Termination "BilodeauA won by resignation"]

1. e4 c5 2. Nf3 Nc6 3. d4 cxd4 4. Nxd4 e5 5. Nb5 a6 6. Nd6+ Bxd6 7. Qxd6 Qe7 8. Qd1 Nf6 9. Nc3 d6 10. Nd5 Nxd5 11. exd5 Nb8 12. c4 O-O 13. Be3 f5 14. f3 a5 15. Be2 Na6 16. a3 Bd7 17. b3 f4 18. Bf2 e4 19. fxe4 Qxe4 20. O-O Rae8 21.
Bf3 Qg6 22. Bh5 Qg5 23. Bxe8 Rxe8 24. Qd3 Bf5 25. Qc3 Be4 26. Qh3 Nc5 27. Bxc5 dxc5 28.
Rae1 h6 29. d6 Qe5 30. Qd3 Bxd3 31. Rxe5 Rd8 32. Rd1 Bc2 33. Rd2 Bxb3 34. Rxc5 b6 35. Rc7 Kf8 36. Kf2 g5 37. Rc6 Kf7 38. d7 Ke7 39.
Rxb6 Bxc4 40. Rxh6 Bf7 41. Rhd6 Be6 42. h3 Bf5 43.
R6d5 Ke6 44. Rxa5 1-0

[Event "*** Titled Tuesday Blitz"]
[Site "Chess.com"]
[Date "2020.05.05"]
[Round "3"]
[White "Rytenko_V"]
[Black "Efremov_Vlad"]
[Result "1-0"]
[WhiteElo "2474"]
[BlackElo "2123"]
[TimeControl "180+1"]
[EndTime "10:28:41 PDT"]
[Termination "Rytenko_V won by resignation"]

1. d4 d5 2. c4 e6 3. Nf3 Nf6 4. g3 dxc4 5. Bg2 Nc6 6. O-O Rb8 7.
Ne5 Nxd4 8. e3 Nc6 9. Bxc6+ bxc6 10. Qxd8+ Kxd8 11. Nxc6+ Ke8 12. Nxb8 Bb7 13. Na3 Bd6 14.
Nxc4 Ke7 15. Na5 Rxb8 16. Nxb7 Rxb7 17. b3 Be5 18. Rb1 Ne4 19. Bb2 Bxb2 20. Rxb2 a5 21. f3 Nd6 22. Kf2 a4 23. Rfb1 axb3 24. Rxb3 Ra7 25. Ra1 c5 26. a4 c4 27. Rba3 Ra5 28.
e4 f6 29. Rb1 Kd7 30. Ke3 Kc6 31. Kd4 Kc7 32. Rb4 Kc6 33. Ra1 e5+ 34. Kc3 Kc7 35. Rd1 Kc6 36. Rd2 Rc5 37. Rxd6+ Kxd6 38. Rxc4 Ra5 39.
Kb4 Ra8 40. Rc5 Rb8+ 41. Rb5 Rc8 42. Rd5+ Ke6 43. a5 Rc2 44. a6 Rb2+ 45. Ka5 Ra2+ 46. Kb6 Rb2+ 47. Rb5 Rxh2 48. a7 Ra2 49. Ra5 1-0

[Event "*** Titled Tuesday Blitz"]
[Site "Chess.com"]
[Date "2020.05.05"]
[Round "3"]
[White "WiktoriaPOL"]
[Black "Kaua18"]
[Result "0-1"]
[WhiteElo "2014"]
[BlackElo "2298"]
[TimeControl "180+1"]
[EndTime "10:28:41 PDT"]
[Termination "Kaua18 won by checkmate"]

1. c4 c5 2. Nf3 Nc6 3. Nc3 e5 4. e3 Nf6 5. d4 cxd4 6. exd4 e4 7.
Ng5 Bb4 8. a3 Bxc3+ 9. bxc3 h6 10. Nh3 O-O 11. Nf4 Re8 12. g3 Na5 13. c5 b6 14. cxb6 axb6 15. Bg2 Ba6 16. Be3 d5 17. Ne2 Qc7 18. Qd2 Nc4 19. Qc2 Nxe3 20. fxe3 Bxe2 21. Kxe2 Qc4+ 22. Kd2 Rec8 23. Rhc1 Ra7 24. Bf1 Qc6 25. c4 Rac7 26. Bh3 Nd7 27. c5 bxc5 28. dxc5 Qf6 29. c6 Rxc6 30. Qb3 Qf2+ 31. Kd1 Rxc1+ 32. Rxc1 Qg1+ 33.
Ke2 Rxc1 34. Bxd7 Qe1# 0-1

[Event "*** Titled Tuesday Blitz"]
[Site "Chess.com"]
[Date "2020.05.05"]
[Round "3"]
[White "Bulldog167"]
[Black "Firegrizzly"]
[Result "0-1"]
[WhiteElo "2917"]
[BlackElo "2660"]
[TimeControl "180+1"]
[EndTime "10:28:42 PDT"]
[Termination "Firegrizzly won by resignation"]

1. d4 Nf6 2. c4 e6 3. Nf3 d5 4. Nc3 a6 5. cxd5 exd5 6. Bg5 Be6 7. Bxf6 Qxf6 8. Qb3 b5 9. a4 b4 10. Nxd5 Qd8 11.
e4 c6 12. Rc1 cxd5 13. exd5 Bxd5 14. Bc4 Bxc4 15. Qxc4 Be7 16. O-O O-O 17. Ne5 a5 18. Qb5 Qxd4 19. Rfd1 Qxb2 20. Rc7 Qb3 21. Rdc1 Bd6 22.
Rc8 Na6 23. Rxf8+ Bxf8 24. g3 Qb2 25. Rc6 Re8 26. f4 Nc5 27. Qc4 Ne6 28. Rc7 Qd4+ 29. Qxd4 Nxd4 30. Nxf7 b3 31. Rb7 Bb4 0-1

[Event "*** Titled Tuesday Blitz"]
[Site "Chess.com"]
[Date "2020.05.05"]
[Round "3"]
[White "erlesfar"]
[Black "ElGasanov"]
[Result "0-1"]
[WhiteElo "2437"]
[BlackElo "2728"]
[TimeControl "180+1"]
[EndTime "10:28:42 PDT"]
[Termination "ElGasanov won by resignation"]

1. e4 c5 2. c3 d6 3. d4 Nf6 4. Bd3 Nc6 5. Nf3 e5 6. d5 Ne7 7. c4 Ng6 8. Nc3 Be7 9. h3 O-O 10. Be3 a6 11. a4 Rb8 12. Qd2 Bd7 13. O-O Nh5 14. Ne2 f5 15. exf5 Bxf5 16. Bxf5 Rxf5 17. Ng3 Nxg3 18. fxg3 e4 19. Nh2 Rxf1+ 20. Nxf1 Ne5 21. Qc2 b5 22. cxb5 axb5 23. a5 Ra8 24. Qxe4 Bf6 25. g4 g6 26. a6 Qb6 27. a7 Rxa7 28. Rxa7 Qxa7 29. b4 Qa4 30. Qf4 Bg7 31. bxc5 Qxf4 32. Bxf4 dxc5 33. d6 Kf7 34. Nd2 Ke6 35. Ne4 c4 36. Bd2 Nd3 37. Kf1 b4 38. Ke2 b3 39.
Nc3 Bxc3 40. Bxc3 b2 41. Bxb2 Nxb2 0-1

[Event "*** Titled Tuesday Blitz"]
[Site "Chess.com"]
[Date "2020.05.05"]
[Round "3"]
[White "NotFischer"]
[Black "Omk124"]
[Result "1-0"]
[WhiteElo "2158"]
[BlackElo "2396"]
[TimeControl "180+1"]
[EndTime "10:28:42 PDT"]
[Termination "NotFischer won by resignation"]

1. e4 c5 2. Nf3 d6 3. d4 cxd4 4. Nxd4 Nf6 5. Nc3 a6 6. Be2 e5 7. Nf3 Be7 8. O-O O-O 9. Bg5 Nbd7 10. Qd2 b5 11. a3 Bb7 12. Bd3 Rc8 13. Rfe1 h6 14. Bh4 Qc7 15. Rad1 Rfd8 16. Nd5 Nxd5 17.
exd5 Bxh4 18. Nxh4 Nf6 19. Nf5 Re8 20. Nxh6+ Kf8 21. Qg5 gxh6 22. Qxf6 Rcd8 23. Re3 e4 24. Bxe4 Re5 25. Qxh6+ Ke7 26. Qh4+ Kd7 27. Bf5+ Ke8 28.
Rxe5+ dxe5 29. d6 Rxd6 30. Qh8+ Ke7 31. Qxe5+ Kf8 32. Qxd6+ 1-0

[Event "*** Titled Tuesday Blitz"]
[Site "Chess.com"]
[Date "2020.05.05"]
[Round "3"]
[White "AlexZambrano"]
[Black "Luibov_AN"]
[Result "0-1"]
[WhiteElo "2296"]
[BlackElo "2102"]
[TimeControl "180+1"]
[EndTime "10:28:42 PDT"]
[Termination "Luibov_AN won on time"]

1. Nf3 g6 2. d4 Bg7 3. g3 c5 4.
dxc5 Nc6 5. Bg2 Qa5+ 6. c3 Qxc5 7. O-O d6 8. Nbd2 Nf6 9. Nb3 Qb6 10. Be3 Qc7 11.
Qd2 h6 12. Rfd1 Ng4 13. Bd4 Nxd4 14. Nbxd4 a6 15. h3 Nf6 16. Re1 O-O 17. e4 e5 18.
Nc2 Be6 19. Nb4 Qc5 20. Rad1 Rfd8 21. Nd5 Kh7 22. b4 Qa7 23. Nc7 Rac8 24. Nxe6 fxe6 25. Bf1 b5 26. Ra1 Qc7 27. Rec1 Nxe4 28. Qe3 d5 29.
Nh4 Nxc3 30. Qf3 e4 31. Qg4 Qf7 32. Ng2 Rf8 33. Rc2 g5 34. h4 Qf5 35. Qh5 d4 0-1

[Event "*** Titled Tuesday Blitz"]
[Site "Chess.com"]
[Date "2020.05.05"]
[Round "3"]
[White "ChessQueen"]
[Black "Alopekos"]
[Result "1-0"]
[WhiteElo "2707"]
[BlackElo "2432"]
[TimeControl "180+1"]
[EndTime "10:28:43 PDT"]
[Termination "ChessQueen won on time"]

1. e4 e5 2. Nf3 Nc6 3. Bc4 Nf6 4. d4 exd4 5. e5 Ng4 6. O-O d5 7. exd6 Bxd6 8. Re1+ Kf8 9. Nbd2 Bf5 10. Ne4 h6 11. Ng3 Bg6 12. a3 Nge5 13. Bd5 Nxf3+ 14. Bxf3 Kg8 15. b4 a5 16. b5 Ne5 17. Be4 Qf6 18. f4 Nd7 19. Bxb7 Rb8 20. Bc6 Nc5 21.
Bb2 Na4 22. Bxd4 Bc5 23. Bxc5 Nxc5 24. f5 Bxf5 25. Qd5 1-0

[Event "*** Titled Tuesday Blitz"]
[Site "Chess.com"]
[Date "2020.05.05"]
[Round "3"]
[White "Shota_Azaladze"]
[Black "agrigo3"]
[Result "1-0"]
[WhiteElo "2692"]
[BlackElo "2333"]
[TimeControl "180+1"]
[EndTime "10:28:43 PDT"]
[Termination "Shota_Azaladze won on time"]

1. Nf3 Nf6 2. g3 d5 3. Bg2 c6 4. O-O Bg4 5. d3 Nbd7 6. Nbd2 e5 7. e4 dxe4 8. dxe4 Be7 9. h3 Bh5 10. Qe1 O-O 11. a4 a5 12. Nc4 Qc7 13. Bd2 b6 14. Bc3 Bxf3 15. Bxf3 Rfe8 16. Bg2 Bc5 17. Qd2 Nf8 18. Rfd1 Rad8 19. Qg5 Bd4 20. Bxd4 exd4 21. e5 Ne6 22. Qh4 Nd5 23. Be4 h6 24. Rd2 Rd7 25.
Nd6 Rxd6 26. exd6 Qxd6 27. Bg2 Rd8 28. Rad1 Qb4 29. Rxd4 Qxb2 30. c4 Rd7 31. R4d2 Qb4 32. cxd5 Qxh4 33. gxh4 cxd5 34. Rxd5 1-0

[Event "*** Titled Tuesday Blitz"]
[Site "Chess.com"]
[Date "2020.05.05"]
[Round "3"]
[White "woodhy"]
[Black "Dinamo81"]
[Result "1/2-1/2"]
[WhiteElo "2403"]
[BlackElo "2653"]
[TimeControl "180+1"]
[EndTime "10:28:43 PDT"]
[Termination "Game drawn by agreement"]

1. e4 e6 2. d4 d5 3. e5 c5 4.
c3 Ne7 5. Nf3 Nec6 6. Be3 b6 7. Bd3 Ba6 8. O-O Bxd3 9. Qxd3 Be7 10.
Nbd2 O-O 11. Rfd1 cxd4 12. Bxd4 Nd7 13. Nf1 Nc5 14. Qe2 Qc7 15. Ng3 Rfc8 16. Nh5 Ne4 17. Ng3 Nxg3 18. hxg3 Bc5 19. g4 Qe7 20. g3 Bxd4 21.
cxd4 Na5 22. Kg2 Rc4 23. Rh1 Rac8 24. Qd3 g6 25. Rh2 Rc1 26. Rxc1 Rxc1 27. Qd2 Rc7 28. Qh6 f6 29. exf6 Qxf6 30. Ng5 Nc4 31. Nxh7 Ne3+ 32. Qxe3 Rxh7 33. Rxh7 Kxh7 34. g5 Qf5 35. Qf4 Qxf4 36. gxf4 Kg7 37. Kf3 Kf7 38. Ke3 Ke7 39. Kd3 Kd6 40. Ke3 Kc6 41. Kd3 Kd6 42. a4 a5 43. Ke3 Kc6 44. Kf3 Kd6 45. Kg4 Kc6 46.
Kg3 Kd6 47. Kf3 Kc6 48. Kg4 Kd6 49. Kf3 Kc6 50. Ke3 1/2-1/2

[Event "*** Titled Tuesday Blitz"]
[Site "Chess.com"]
[Date "2020.05.05"]
[Round "3"]
[White "Trankuilizer"]
[Black "Rafael_Ventura"]
[Result "1-0"]
[WhiteElo "2518"]
[BlackElo "2280"]
[TimeControl "180+1"]
[EndTime "10:28:43 PDT"]
[Termination "Trankuilizer won by checkmate"]

1. e4 c5 2. c3 Nf6 3. e5 Nd5 4. d4 cxd4 5. Nf3 Nc6 6. cxd4 Nb6 7. d5 Nb4 8. Nc3 e6 9. d6 N4d5 10. Bd3 Nxc3 11. bxc3 Nd5 12. O-O f6 13. c4 Nb4 14.
Re1 Nxd3 15. Qxd3 g6 16. exf6 Qxf6 17. Bg5 Qf5 18. Qc3 Rg8 19. Rad1 Bg7 20. Qb3 h6 21. Be3 g5 22. Bd4 b6 23. Bxg7 Rxg7 24. Nd4 Qf6 25. Nb5 Kf8 26. c5 Rf7 27. f3 g4 28. Rf1 gxf3 29. Rxf3 Qg6 30. Rxf7+ Kxf7 31. Qf3+ Qf5 32. Qxa8 Qxc5+ 33. Kh1 Qxb5 34. Qxc8 a5 35. Qc2 e5 36. Qh7+ Ke6 37. Qg6# 1-0

[Event "*** Titled Tuesday Blitz"]
[Site "Chess.com"]
[Date "2020.05.05"]
[Round "3"]
[White "PlotnikovPavel"]
[Black "svilson23"]
[Result "1-0"]
[WhiteElo "2493"]
[BlackElo "2247"]
[TimeControl "180+1"]
[EndTime "10:28:43 PDT"]
[Termination "PlotnikovPavel won by resignation"]

1. e4 c5 2. c3 d5 3. exd5 Nf6 4. d4 Nxd5 5. dxc5 e5 6. Bc4 Be6 7. Nf3 Nc6 8. b4 Be7 9. Qb3 O-O 10. O-O Bf6 11.
Rd1 Nce7 12. Bg5 a5 13. Bxf6 gxf6 14. Nbd2 Qc7 15. Ne4 Kg7 16. Bxd5 a4 17. Qc4 Nxd5 18. Rxd5 Rad8 19. Rad1 b5 20. Qd3 Rxd5 21. Qxd5 Bxd5 22. Rxd5 Qc6 23. c4 bxc4 24. Nc3 e4 25. Nd4 Qb7 26. a3 Kg6 27. Nf5 Qc8 28. Ne7+ Kg7 29. Nxc8 Rxc8 1-0

[Event "*** Titled Tuesday Blitz"]
[Site "Chess.com"]
[Date "2020.05.05"]
[Round "3"]
[White "Larina_Marija"]
[Black "Caisachess"]
[Result "1/2-1/2"]
[WhiteElo "2150"]
[BlackElo "2334"]
[TimeControl "180+1"]
[EndTime "10:28:43 PDT"]
[Termination "Game drawn by repetition"]

1. e4 e5 2. Nf3 Nc6 3. Nc3 Nf6 4.
Bb5 Nd4 5. Bc4 d6 6. Ng5 Ne6 7. Bxe6 Bxe6 8. Nxe6 fxe6 9. d3 Be7 10. O-O O-O 11.
h3 Qe8 12. f4 exf4 13. Bxf4 a6 14. a4 e5 15. Be3 c6 16. Rf5 g6 17. Rf3 Qd7 18. Bh6 Rf7 19. Qd2 Bf8 20. Bxf8 Raxf8 21. Raf1 Nh5 22. Rxf7 Rxf7 23. Rxf7 Qxf7 24. Ne2 Kg7 25. Qg5 Qf6 26. Qxf6+ Nxf6 27. g4 Nd7 28. b3 Kf6 29. Kf2 Nc5 30. Ke3 Ne6 31. h4 g5 32. h5 Nf4 33. Ng3 d5 34. exd5 cxd5 35. Nf5 Ke6 36.
Ng7+ Kf6 37. Ne8+ Ke7 38. Ng7 Kf6 39. Ne8+ Ke6 40. Ng7+ Kd6 41. Nf5+ Ke6 42. Ng7+ 1/2-1/2

[Event "*** Titled Tuesday Blitz"]
[Site "Chess.com"]
[Date "2020.05.05"]
[Round "3"]
[White "petroniy_arbitr"]
[Black "Kaponov"]
[Result "1-0"]
[WhiteElo "2314"]
[BlackElo "2058"]
[TimeControl "180+1"]
[EndTime "10:28:43 PDT"]
[Termination "petroniy_arbitr won by resignation"]

1. d4 Nf6 2. c4 e6 3. Nf3 Bb4+ 4. Bd2 Bxd2+ 5. Nbxd2 d5 6. e3 O-O 7. Be2 Nbd7 8. O-O c5 9. Rc1 cxd4 10. Nxd4 a6 11.
cxd5 Nxd5 12. Nc4 N7b6 13. Ne5 f6 14. Nd3 e5 15. Nb3 Bf5 16. Ndc5 Qe7 17. e4 Bxe4 18. Nxe4 Nf4 19. Bf3 Rfd8 20. Qc2 Rac8 21. Nc3 Na4 22. Rfd1 Rxd1+ 23. Rxd1 Qb4 24. g3 Nh3+ 25. Kg2 Ng5 26. Bd5+ Nf7 27. Qf5 Rf8 28. Bxf7+ Rxf7 29. Rd8+ Rf8 30.
Qe6+ Kh8 31. Rxf8+ Qxf8 32. Nxa4 1-0

[Event "*** Titled Tuesday Blitz"]
[Site "Chess.com"]
[Date "2020.05.05"]
[Round "3"]
[White "Dr_Thomas_Quilter"]
[Black "MasterKroket"]
[Result "0-1"]
[WhiteElo "2177"]
[BlackElo "2429"]
[TimeControl "180+1"]
[EndTime "10:28:44 PDT"]
[Termination "MasterKroket won by resignation"]

1. e4 c5 2. Nf3 e6 3. Bd3 Nc6 4. c3 d5 5. O-O dxe4 6. Bxe4 Bd7 7. d4 Nf6 8. Bc2 cxd4 9. cxd4 Be7 10. Nc3 Nb4 11.
Bb1 Bc6 12. Ne5 Rc8 13. Bg5 h6 14. Bh4 Nbd5 15. Re1 O-O 16. Ne4 Nxe4 17. Bxe7 Nxe7 18. Bxe4 Bxe4 19. Rxe4 Qd5 20. Rg4 Nf5 21. Qd2 Rfd8 22. Nf3 e5 23. Rd1 Kh8 24. h4 Nxd4 25. Nxe5 Ne2+ 26. Qxe2 Qxd1+ 27. Qxd1 Rxd1+ 28. Kh2 Kg8 29. Rf4 Rc7 30. g4 Rd2 31. g5 hxg5 32. hxg5 Rxb2 33. g6 fxg6 34. Nxg6 Rf7 35. Rh4 Rfxf2+ 36. Kg1 Rg2+ 37.
Kf1 Rxg6 0-1

[Event "*** Titled Tuesday Blitz"]
[Site "Chess.com"]
[Date "2020.05.05"]
[Round "3"]
[White "rogapa"]
[Black "TERMINATOR_PC"]
[Result "1/2-1/2"]
[WhiteElo "2702"]
[BlackElo "2455"]
[TimeControl "180+1"]
[EndTime "10:28:47 PDT"]
[Termination "Game drawn by agreement"]

1. e4 Nf6 2. e5 Nd5 3. d4 d6 4. Nf3 dxe5 5. Nxe5 c6 6. c4 Nb4 7. Be3 Bf5 8. Nd3 e5 9. Nxb4 Bxb4+ 10. Nc3 Qa5 11. Qb3 Nd7 12. a3 Bxc3+ 13. Qxc3 Qxc3+ 14. bxc3 O-O-O 15. Be2 Rhe8 16. O-O-O exd4 17. cxd4 Nf6 18. Rhe1 Ng4 19. Bxg4 Bxg4 20. f3 Be6 21. d5 cxd5 22. cxd5 Rxd5 23. Rxd5 Bxd5 24. Bf2 Rxe1+ 25. Bxe1 Kd7 26.
Kd2 Kc6 27. Kc3 b6 28. Bh4 f6 29. Bg3 a5 30. Bf2 Be6 31. Bd4 Bf5 32. g4 Be6 33.
h4 Bd5 34. f4 Bf3 35. g5 fxg5 36. fxg5 g6 37. Bf2 b5 38. Be3 Be4 39. Bf2 Bf5 40.
Be3 Be6 1/2-1/2

[Event "*** Titled Tuesday Blitz"]
[Site "Chess.com"]
[Date "2020.05.05"]
[Round "3"]
[White "MateSchmate"]
[Black "Roenko_Artur"]
[Result "0-1"]
[WhiteElo "2433"]
[BlackElo "2208"]
[TimeControl "180+1"]
[EndTime "10:28:47 PDT"]
[Termination "Roenko_Artur won by checkmate"]

1. e4 e6 2. d3 d5 3. Nd2 g6 4. g3 Bg7 5. Bg2 Ne7 6. f4 c5 7.
Ngf3 Nbc6 8. c3 b5 9. O-O O-O 10.
Qe2 b4 11. e5 a5 12. g4 bxc3 13. bxc3 Rb8 14. Ba3 Qb6 15. Rab1 Qa7 16. Rxb8 Nxb8 17. d4 cxd4 18. cxd4 Ba6 19. Qf2 Bxf1 20. Bxf1 Nbc6 21. Bc5 Qb7 22. Nh4 Rb8 23. f5 Bh6 24. Ndf3 Qb2 25. Qg3 Be3+ 26. Kh1 Qf2 27. Qxf2 Bxf2 28. f6 Nc8 29. a4 Nb4 30. Ng2 Nc2 31. Bb5 Nb6 32. Ng5 Bxd4 33. Bd6 Rc8 34. Nf4 Be3 35. Nfxe6 Bxg5 36. Nxg5 Nd4 37. Ba6 Rc1+ 38. Kg2 Ne6 39. Nf3 d4 40. Ba3 Rc2+ 41. Kf1 Ra2 42. Bd6 Rxa4 43. Bb5 Ra1+ 44. Ke2 a4 45. Be8 a3 46. Nd2 a2 47.
Nb3 Rb1 48. Nxd4 Nxd4+ 49. Kd3 Ne6 50. Bxf7+ Kxf7 51. Ba3 a1=Q 52. Bd6 Qa4 53. Ke2 Qc4+ 54. Kd2 Qd4+ 55. Kc2 Rb2+ 56. Kc1 Qd2# 0-1

[Event "*** Titled Tuesday Blitz"]
[Site "Chess.com"]
[Date "2020.05.05"]
[Round "3"]
[White "AnishGiri"]
[Black "Berardino"]
[Result "1-0"]
[WhiteElo "3054"]
[BlackElo "2660"]
[TimeControl "180+1"]
[EndTime "10:28:48 PDT"]
[Termination "AnishGiri won by resignation"]

1. e4 c5 2. Nf3 b6 3. d4 cxd4 4. Nxd4 Bb7 5. Nc3 Nf6 6. e5 Nd5 7. Nxd5 Bxd5 8. Bf4 e6 9. Nb5 a6 10. Nd6+ Bxd6 11. exd6 Qf6 12. Qc1 e5 13. Bg3 Nc6 14.
Qd2 Be6 15. Bd3 O-O 16. O-O Bf5 17. Bc4 b5 18. Bd5 Rac8 19. c3 Na5 20. Rfe1 Rfe8 21. Re2 Nc4 22. Bxc4 Rxc4 23. Rae1 e4 24. f3 h6 25. Re3 Re6 26. b3 Rc8 27. fxe4 Bg6 28. e5 Qg5 29. Qd4 Rce8 30. h3 f6 31. Kh2 fxe5 32. Bxe5 Kh7 33. c4 bxc4 34. bxc4 Bf5 35. Rg3 1-0

[Event "*** Titled Tuesday Blitz"]
[Site "Chess.com"]
[Date "2020.05.05"]
[Round "3"]
[White "Usurpov"]
[Black "Quiet_Desperation"]
[Result "1-0"]
[WhiteElo "2463"]
[BlackElo "2206"]
[TimeControl "180+1"]
[EndTime "10:28:48 PDT"]
[Termination "Usurpov won by resignation"]

1. e4 e6 2. d4 d5 3. e5 Qd7 4. c3 b6 5. Nd2 Ba6 6. Ne2 c5 7. Nf3 Ne7 8. h4 Nf5 9. h5 h6 10. g4 Ne7 11. Nf4 Bxf1 12. Kxf1 Nec6 13. Kg2 Be7 14. Be3 Na6 15. Qe2 Nc7 16. Rhd1 cxd4 17. cxd4 Na5 18. Rdc1 Nc4 19. Rc2 Nxe3+ 20. Qxe3 O-O 21.
Rac1 Rac8 22. Nh3 Nb5 23. g5 hxg5 24. Nhxg5 Bxg5 25. Nxg5 Rxc2 26. Rxc2 f5 27. exf6 Rxf6 28. Re2 e5 29. Qxe5 Qg4+ 30. Kf1 Nxd4 31. Qxd5+ 1-0

[Event "*** Titled Tuesday Blitz"]
[Site "Chess.com"]
[Date "2020.05.05"]
[Round "3"]
[White "doons21"]
[Black "GigaQuparadze"]
[Result "0-1"]
[WhiteElo "2613"]
[BlackElo "2823"]
[TimeControl "180+1"]
[EndTime "10:28:49 PDT"]
[Termination "GigaQuparadze won by resignation"]

1. e4 c5 2. c3 d5 3. exd5 Qxd5 4. d4 Nc6 5. Nf3 e6 6. Bd3 Nf6 7. O-O cxd4 8. cxd4 Be7 9. Nc3 Qd8 10. Bg5 O-O 11. Re1 Nd5 12. Bd2 Ncb4 13. Bb1 b6 14. a3 Nxc3 15. bxc3 Nd5 16. c4 Nf6 17. Bc3 Ba6 18. Ne5 Rc8 19. Qa4 Bb7 20. Qxa7 Qc7 21. Qa4 Bd6 22.
Bd3 Nd5 23. Bd2 Ne7 24. Qc2 Ng6 25. f4 Rfd8 26. Qb2 Nf8 27. Rad1 f6 28. Ng4 Bxf4 29. Bf1 Bd6 30. h3 h5 31. Nf2 Bh2+ 32. Kh1 Bg3 33.
Be3 Rb8 34. Qe2 h4 35. Bc1 Ra8 36. Rd3 Qxc4 37. Red1 Ba6 38. Qg4 Bxf2 39. Rg3 Qc7 40. Rf3 Bg3 41. Rxf6 Bb7 42. Bb5 Rd5 43. Rdf1 Rf5 44.
R1xf5 exf5 45. Qg5 Rc8 46. Bb2 Qe7 47. Bf1 Qxf6 0-1

[Event "*** Titled Tuesday Blitz"]
[Site "Chess.com"]
[Date "2020.05.05"]
[Round "3"]
[White "Hasangatin_Ramil"]
[Black "12teen"]
[Result "1-0"]
[WhiteElo "2532"]
[BlackElo "2773"]
[TimeControl "180+1"]
[EndTime "10:28:49 PDT"]
[Termination "Hasangatin_Ramil won by resignation"]

1. e4 b6 2. d4 Bb7 3. Bd3 e6 4. Nd2 Nf6 5. Qe2 d5 6. e5 Nfd7 7. c3 c5 8. a3 Nc6 9. Ngf3 a6 10.
b4 Be7 11. Nf1 Qc7 12. Bd2 cxd4 13. cxd4 b5 14. Ng3 Nb6 15. O-O Nc4 16. Bc3 a5 17.
bxa5 N6xa5 18. Bb4 Bxb4 19. axb4 Nc6 20. Rxa8+ Bxa8 21. Nh5 g6 22. Nf6+ Ke7 23. Bxc4 dxc4 24. d5 Nxe5 25. Nxe5 Kxf6 26. Ng4+ Kg7 27. Qe3 Qe7 28. d6 Qh4 29. Qd4+ f6 30. Qa7+ Kg8 31. Qxa8+ Kg7 32. Qb7+ Kg8 33. Qc8+ Kg7 34. Qd7+ Kg8 35. Qe8+ 1-0

[Event "*** Titled Tuesday Blitz"]
[Site "Chess.com"]
[Date "2020.05.05"]
[Round "3"]
[White "MightyGMpretender"]
[Black "ChadBiryani"]
[Result "1-0"]
[WhiteElo "2576"]
[BlackElo "2366"]
[TimeControl "180+1"]
[EndTime "10:28:49 PDT"]
[Termination "MightyGMpretender won by resignation"]

1. Nf3 f5 2. d4 e6 3. g3 Nf6 4. Bg2 Be7 5. O-O O-O 6. b3 d6 7.
Bb2 Ne4 8. e3 Nd7 9. Nbd2 Ndf6 10. Ne1 Bd7 11. Nd3 Qe8 12. c4 Nxd2 13. Qxd2 Ne4 14.
Qe2 g5 15. f3 Nf6 16. e4 Qf7 17. e5 Ne8 18. f4 Rb8 19. d5 Ng7 20. Rae1 Rfe8 21. Qd2 b5 22. Ba1 g4 23. Qa5 bxc4 24.
bxc4 Rb7 25. c5 Bb5 26. dxe6 Qxe6 27. exd6 Qc4 28. Rxe7 Qxd3 29. Rxg7+ 1-0

[Event "*** Titled Tuesday Blitz"]
[Site "Chess.com"]
[Date "2020.05.05"]
[Round "3"]
[White "Oglob71"]
[Black "GM4life"]
[Result "1-0"]
[WhiteElo "2478"]
[BlackElo "2164"]
[TimeControl "180+1"]
[EndTime "10:28:49 PDT"]
[Termination "Oglob71 won on time"]

1. d4 Nf6 2. Nf3 g6 3. e3 Bg7 4. Be2 O-O 5. O-O c5 6. dxc5 Na6 7.
Bxa6 bxa6 8. b4 Ne4 9. Nd4 d6 10. cxd6 Qxd6 11. a3 Rd8 12. Qd3 Bb7 13. Bb2 a5 14. b5 Rac8 15. a4 a6 16. Na3 Nc5 17.
Qe2 Nxa4 18. c4 Nxb2 19. Qxb2 Bxd4 20. exd4 Qxd4 21. Qxd4 Rxd4 22. Rfc1 Rc5 23. Rab1 axb5 24. Rxb5 Rxb5 25. Nxb5 Rd8 26. f3 Kg7 27. Kf2 Ba6 28.
Ke3 Bxb5 29. cxb5 Rb8 30. Rb1 Kf6 31. Kd4 Ke6 32. Kc5 Kd7 33. b6 Rc8+ 34. Kb5 Ra8 35. Rd1+ Ke6 36. Ra1 a4 37. Rxa4 Rd8 38. b7 Rb8 39.
Kc6 Rxb7 40. Kxb7 f6 41. Kc6 h5 42. Kc5 1-0

[Event "*** Titled Tuesday Blitz"]
[Site "Chess.com"]
[Date "2020.05.05"]
[Round "3"]
[White "Trickov"]
[Black "larisakalinina"]
[Result "0-1"]
[WhiteElo "2287"]
[BlackElo "2044"]
[TimeControl "180+1"]
[EndTime "10:28:49 PDT"]
[Termination "larisakalinina won by checkmate"]

1. d4 Nf6 2. Nf3 g6 3. c4 Bg7 4.
g3 d6 5. Bg2 Nbd7 6. O-O O-O 7.
Nc3 e5 8. Qc2 exd4 9. Nxd4 Ne5 10. b3 c6 11. Rd1 Qe7 12. e4 Bg4 13. f3 Bc8 14. Be3 Re8 15. Rac1 d5 16. cxd5 cxd5 17. Bg5 Be6 18. exd5 Bd7 19. Ne4 h6 20. Nxf6+ Bxf6 21. Bxh6 Rac8 22. Qf2 Rxc1 23. Rxc1 Nd3 24. Qe3 Nxc1 25.
Qxc1 Bxd4+ 26. Kf1 Qe2# 0-1

[Event "*** Titled Tuesday Blitz"]
[Site "Chess.com"]
[Date "2020.05.05"]
[Round "3"]
[White "Thjop"]
[Black "Duhless"]
[Result "0-1"]
[WhiteElo "2667"]
[BlackElo "3083"]
[TimeControl "180+1"]
[EndTime "10:28:50 PDT"]
[Termination "Duhless won by resignation"]

1. e4 c5 2. Nf3 Nc6 3. g3 Nf6 4. d3 g6 5. Bg2 Bg7 6. O-O O-O 7. Nc3 d6 8. h3 Rb8 9. a4 b6 10. Be3 Bb7 11. Qd2 Rc8 12. Bh6 e5 13. Bxg7 Kxg7 14. Nh4 Nd4 15. b3 d5 16. Rad1 Re8 17. Kh2 c4 18.
bxc4 dxe4 19. Nb5 a6 20. Nxd4 exd4 21. dxe4 Rxc4 22. Qg5 Nxe4 23. Nf5+ Kh8 24. Qxd8 Rxd8 25. Ne3 Rcc8 26. Ng4 Rxc2 27. Rfe1 Nxf2 28. Bxb7 Nxd1+ 29. Kg1 Ne3 30. Nxe3 dxe3 0-1

[Event "*** Titled Tuesday Blitz"]
[Site "Chess.com"]
[Date "2020.05.05"]
[Round "3"]
[White "Shoytan"]
[Black "LeonValdes"]
[Result "0-1"]
[WhiteElo "2573"]
[BlackElo "2404"]
[TimeControl "180+1"]
[EndTime "10:28:50 PDT"]
[Termination "LeonValdes won by resignation"]

1. e4 e6 2. d4 d5 3. Nc3 Nf6 4. e5 Nfd7 5. Nce2 c5 6. c3 Nc6 7. Nf3 g6 8. h4 h6 9. Nf4 Bg7 10. Bd3 Qb6 11. a3 cxd4 12. cxd4 Nxd4 13. Nxd4 Qxd4 14.
Nxg6 Rg8 15. Be3 Qxb2 16. O-O fxg6 17. Bd4 Qxd4 18. Bxg6+ Kd8 19. Qxd4 Bxe5 20. Qd3 Bxa1 21. Rxa1 Ne5 22. Qg3 Nxg6 23. Rc1 Bd7 24. Rc7 Rc8 25.
Rxb7 Rc6 26. Rxa7 Ne7 27. Qe3 Nf5 28. Qe5 d4 29. Qf6+ Ke8 30. Ra8+ Rc8 31. Ra6 d3 32.
Rxe6+ Bxe6 33. Qxe6+ Ne7 34. Qd6 Rd8 35. Qe6 d2 36.
Kh2 d1=Q 0-1

[Event "*** Titled Tuesday Blitz"]
[Site "Chess.com"]
[Date "2020.05.05"]
[Round "3"]
[White "medalja"]
[Black "nadirsm"]
[Result "1-0"]
[WhiteElo "2403"]
[BlackElo "2139"]
[TimeControl "180+1"]
[EndTime "10:28:50 PDT"]
[Termination "medalja won on time"]

1. d4 d5 2. c4 e6 3. Nf3 c6 4. Nc3 f5 5. Bf4 Nf6 6. e3 Bd6 7. Qc2 O-O 8. Be2 Ne4 9. O-O Qe7 10. Rab1 a5 11. a3 Na6 12. c5 Bb8 13. b4 axb4 14.
axb4 Nc7 15. Nxe4 fxe4 16. Bd6 Qe8 17. Ne5 Rf6 18. f3 exf3 19. Rxf3 Rxf3 20. Nxf3 Bd7 21. Ng5 g6 22. Rf1 Nb5 23. Bxb8 Qxb8 24. Bd3 Qe8 25. h4 e5 26. dxe5 Na3 27. Qb2 Nc4 28. Bxc4 dxc4 29. Qd4 Be6 30. Rf6 1-0